 Dungeon Crawl Stone Soup version 0.19-a0-644-gd04d753 (webtiles) character file.

19519 georgeearnest the Cleaver (level 12, -7/99 HPs)
             Began as a Hill Orc Fighter on June 13, 2016.
             Was a High Priest of Beogh.
             Mangled by a sixfirhy (13 damage)
             ... summoned by an orc sorcerer
             ... on level 1 of the Orcish Mines on June 14, 2016.
             The game lasted 00:41:14 (17193 turns).

georgeearnest the Cleaver (Hill Orc Fighter)       Turns: 17193, Time: 00:41:14

Health: -7/99      AC:  6    Str: 24    XL:     12   Next: 69%
Magic:  3/8        EV: 16    Int: 11    God:    Beogh [*****.]
Gold:   1249       SH: 13    Dex: 10    Spells: 0 memorised, 11 levels left

rFire  + + .     SeeInvis .     a - +0 war axe
rCold  + . .     Gourm    .     e - +1 leather armour "Daunn" {rF++ MR++ Int+3}
rNeg   . . .     Faith    .     c - +0 shield
rPois  .         Spirit   .     (no helmet)
rElec  .         Dismiss  .     (no cloak)
rCorr  +         Reflect  .     (no gloves)
SustAt .         Harm     .     (no boots)
MR     ++...     Rnd*Rage +     (no amulet)
Stlth  ++........               (no ring)
                                W - ring of resist corrosion

@: very resistant to hostile enchantments, unstealthy
A: walk on water, repulsion field 1, berserk 1, cold resistance 1, frail 1, low
mp 3, regeneration 1, shaggy fur 1, wild magic 1
a: Smiting, Recall Orcish Followers, Give Item to Named Follower, Renounce
Religion


You were on level 1 of the Orcish Mines.
You worshipped Beogh.
Beogh was extremely pleased with you.
You were not hungry.

You visited 2 branches of the dungeon, and saw 14 of its levels.
You also visited: Ossuary.

You collected 1249 gold pieces.

Inventory:

Hand Weapons
 a - a +0 war axe (weapon)
Armour
 c - a +0 shield (worn)
 e - the +1 leather armour "Daunn" (worn) {rF++ MR++ Int+3}
   (You found it on level 11 of the Dungeon)

   It affects your intelligence (+3).
   It greatly protects you from fire.
   It affects your resistance to hostile enchantments.
 s - a +1 ring mail
Jewellery
 W - a ring of resist corrosion (left hand)
Wands
 b - a wand of teleportation (4/9)
 L - a wand of digging (10/24)
Scrolls
 h - a scroll of identify
 j - a scroll of enchant weapon
 l - 2 scrolls of teleportation
 m - a scroll of noise {unknown}
 n - a scroll of fog {unknown}
 p - a scroll of blinking {unknown}
Potions
 d - a potion of invisibility {unknown}
 g - a potion of ambrosia
 i - a potion of might
 k - 2 potions of agility
 o - 3 potions of flight
 S - 2 potions of resistance
 Z - a potion of cure mutation {unknown}
Books
 q - a book of Changes

   Spells                             Type                      Level
   a - Beastly Appendage              Transmutation                1
   b - Sticks to Snakes               Transmutation                2
   c - Spider Form                    Transmutation/Poison         3
   d - Ice Form                       Ice/Transmutation            4
   e - Blade Hands                    Transmutation                5
 r - a Fen Folio

   Spells                             Type                      Level
   a - Corpse Rot                     Necromancy                   2
   b - Stone Arrow                    Conjuration/Earth            3
   c - Leda's Liquefaction            Hexes/Earth                  4
   d - Summon Forest                  Summoning/Translocation      5
   e - Hydra Form                     Transmutation                6
   f - Summon Hydra                   Summoning                    7
Comestibles
 v - 2 bread rations
 F - 6 fruits
 J - 3 beef jerkies
 T - a meat ration
 X - 7 slices of pizza


   Skills:
 + Level 11.1 Fighting
 + Level 12.5 Axes
 + Level 10.0 Armour
 + Level 7.2 Dodging
 + Level 3.5 Stealth
 + Level 11.0 Shields


You had 11 spell levels left.
You didn't know any spells.

Dungeon Overview and Level Annotations

Branches:
Dungeon (13/15)            Temple (0/1) D:4            Lair (0/6) D:10
    Orc (1/2) D:9          Vaults (0/5) D:13

Altars:
Fedhas
Gozag
Kikubaaqudgha
Nemelex Xobeh
Pakellas
Qazlal
Ru
Trog
Xom
Yredelemnul

Shops:
D:8 :!   D:10 !

Annotations:
D:3 georgeearnest's ghost, amateur HOFi


Innate Abilities, Weirdness & Mutations

You can walk on water.
You are surrounded by a mild repulsion field. (EV +2)
You tend to lose your temper in combat.
Your flesh is cold resistant. (rC+)
You are frail. (-10% HP)
Your magical capacity is extremely low. (-30% MP)
Your natural rate of healing is unusually fast.
You are covered in fur. (AC +1)
Your spells are a little harder to cast, but a little more powerful.


Message History

You smite the orc knight!
The orc knight is severely wounded.
The sixfirhy hits your orc. The sixfirhy shocks your orc!
Your orc dies!
You block the sixfirhy's attack. You block the sixfirhy's attack.
The sixfirhy misses you. The sixfirhy hits you.
* * * LOW HITPOINT WARNING * * *
The sixfirhy shocks you!
* * * LOW HITPOINT WARNING * * *
Okay, then.
The orc warrior throws a tomahawk.
You block the tomahawk.
The orc sorcerer mumbles some strange words.
You see here a tomahawk.
You block the sixfirhy's attack. The sixfirhy hits you.
* * * LOW HITPOINT WARNING * * *
The sixfirhy shocks you!
* * * LOW HITPOINT WARNING * * *
The sixfirhy hits you!
You die...

..........)(...o.##
#....#...)))....#.## #.##
##...##........#o..##
#...# ##..
#....).#.##...# ...#
.................####..##
...............###.....#
....#............#.....#
....#.....#.....#.....#
.....#.....>..@###....#
#...........4(.##..## #
.#........#..oo.....#.##
...........o......#
#....................
#....#...o).)........
##........))(.......#
#......3...>..#..#..
##..............#...


You could see an orc knight, a sun demon, a sixfirhy, an orc sorcerer and 2 orc
warriors.

Vanquished Creatures
  A centaur warrior (D:10)
  An unseen horror (D:13)
  2 hill giants
  A wolf spider zombie (D:13)
  A manticore (D:13)
  2 gargoyles
  A kobold demonologist (D:13)
  A two-headed ogre (Orc:1)
  2 slime creatures (D:12)
  A wyvern (D:12)
  2 wraiths
  8 yaks
  A hog (D:10)
  A human (D:10)
  Grum (D:10)
  4 orc warriors (Orc:1)
  A black bear (D:6)
  4 ice beasts
  An eye of draining (D:13)
  2 sky beasts
  An ogre (D:10)
  A phantom (D:4)
  3 centaurs
  2 wolves (D:10)
  6 giant frogs
  A gnoll sergeant (D:5)
  2 scorpions
  4 killer bees (D:12)
  A wight (D:12)
  2 giant frog zombies
  4 crimson imps
  A howler monkey (D:4)
  Crazy Yiuf (D:7)
  A quasit (D:10)
  2 giant frog skeletons
  A wasp zombie (D:12)
  5 orc priests
  2 centaur skeletons
  4 jellies
  9 hounds
  10 orc wizards
  An iguana (D:9)
  9 worker ants
  2 sheep (D:10)
  A big kobold zombie (Ossuary)
  2 hound skeletons
  8 mummies (Ossuary)
  A worker ant zombie (D:5)
  8 gnolls
  7 adders
  2 shadow imps
  An ooze (D:4)
  An adder skeleton (D:6)
  A dart slug (D:1)
  4 giant geckos
  24 orcs
  5 giant cockroaches
  A gnoll zombie (Ossuary)
  6 goblins
  10 hobgoblins
  9 jackals
  6 quokkas
  A ball python (D:3)
  A ball python skeleton (D:4)
  7 bats
  A giant gecko skeleton (D:7)
  A giant gecko zombie (D:7)
  4 giant newts
  4 kobolds
  4 kobold zombies (Ossuary)
  2 orc zombies (Ossuary)
  2 rats (D:1)
237 creatures vanquished.

Vanquished Creatures (collateral kills)
  Snorg (D:13)
  A catoblepas (D:13)
  2 dancing weapons (D:13)
  The ghost of Amnesiac the Covert, a novice DEEE of Dithmenos (D:10)
  The ghost of Amnesiac the Thaumaturge, a novice DEEE of Dithmenos (D:9)
  3 skeletal warriors (D:11)
  4 hill giants
  A cyclops (D:11)
  A centaur zombie (D:12)
  A troll (Orc:1)
  A two-headed ogre (D:8)
  2 slime creatures (D:12)
  3 wraiths (D:11)
  17 yaks
  2 vampires
  A hog (D:10)
  A basilisk (D:13)
  3 hippogriffs
  3 hungry ghosts
  A soldier ant (D:11)
  A sky beast (D:8)
  An ice beast (D:10)
  A black bear (D:10)
  3 orc warriors
  A wolf (D:10)
  2 giant frogs (D:7)
  A wyvern skeleton (D:13)
  3 scorpions
  A killer bee (D:12)
  2 wights (D:12)
  5 howler monkeys
  A jelly (D:11)
  5 orc priests
  3 giant frog skeletons
  2 hounds
  4 orc wizards
  A centaur skeleton (D:8)
  3 worker ants
  A killer bee zombie (D:10)
  A hound skeleton (D:9)
  A hound zombie (D:9)
  2 adders (D:12)
  5 orcs
  4 goblins (D:9)
  A giant gecko zombie (D:8)
105 creatures vanquished.

Vanquished Creatures (others)
  Josephine (D:11)
  3 orc knights
  An orc sorcerer (Orc:1)
  An orc warrior (Orc:1)
  7 orc priests
  4 orc wizards
  An adder (D:4)
  An adder skeleton (D:4)
  31 orcs
  A giant newt (D:4)
  A butterfly (D:4)
52 creatures vanquished.

Grand Total: 394 creatures vanquished

Notes
Turn   | Place    | Note
--------------------------------------------------------------
     0 | D:1      | georgeearnest the Hill Orc Fighter began the quest for the Orb.
     0 | D:1      | Reached XP level 1. HP: 19/19 MP: 1/1
   105 | D:1      | Reached XP level 2. HP: 16/27 MP: 2/2
  1132 | D:2      | Reached XP level 3. HP: 19/33 MP: 3/3
  1305 | D:2      | Reached skill level 3 in Axes
  1457 | D:2      | You fall through a shaft for 2 floors!
  1462 | D:4      | Found a shimmering altar of Xom.
  1465 | D:4      | Became a worshipper of Beogh the Brigand
  1469 | D:4      | Reached XP level 4. HP: 35/40 MP: 4/4
  1490 | D:4      | Reached skill level 1 in Dodging
  1699 | D:4      | Noticed a phantom
  1736 | D:4      | Killed a phantom
  1736 | D:4      | Reached XP level 5. HP: 18/47 MP: 5/5
  1991 | D:4      | Found a staircase to the Ecumenical Temple.
  2259 | D:4      | Found a basalt altar of Yredelemnul.
  2283 | D:4      | Reached XP level 6. HP: 17/53 MP: 6/6
  2990 | D:3      | Found a blossoming altar of Fedhas.
  3092 | D:3      | Reached * piety under Beogh
  3112 | D:3      | Noticed georgeearnest's ghost (amateur HOFi)
  3139 | D:3      | HP: 2/55 [georgeearnest's ghost (3)]
  3274 | D:4      | Reached skill level 5 in Shields
  3610 | D:3      | Found a bloodstained altar of Trog.
  3657 | D:3      | Found an opulent altar of Gozag.
  3739 | D:3      | Found a sacrificial altar of Ru.
  3977 | D:3      | You fall through a shaft!
  4057 | D:4      | Reached skill level 5 in Fighting
  4057 | D:4      | Reached skill level 1 in Stealth
  4057 | D:4      | Reached XP level 7. HP: 37/61 MP: 7/7
  4192 | D:5      | Entered Level 5 of the Dungeon
  4210 | D:5      | Reached skill level 4 in Axes
  4210 | D:5      | Reached skill level 5 in Armour
  4554 | D:5      | Found a sand-covered staircase.
  4563 | Ossuary  | Entered an ossuary
  4574 | Ossuary  | Reached ** piety under Beogh
  5193 | D:5      | Found a sacrificial altar of Ru.
  5207 | D:5      | Reached skill level 5 in Axes
  5207 | D:5      | Reached XP level 8. HP: 66/68 MP: 8/8
  5681 | D:6      | Reached skill level 6 in Axes
  6153 | D:6      | Found a sparkling altar of Nemelex Xobeh.
  6618 | D:6      | Reached *** piety under Beogh
  6810 | D:7      | Reached XP level 9. HP: 35/78 MP: 9/9
  6869 | D:7      | Reached skill level 7 in Axes
  7239 | D:7      | Gained mutation: Your flesh is cold resistant. (rC+) [mutagenic meat]
  7240 | D:7      | Gained mutation: You are agile. (Dex +2) [mutagenic meat]
  7241 | D:7      | Gained mutation: Your magical capacity is low. (-10% MP) [mutagenic meat]
  7242 | D:7      | Gained mutation: You are surrounded by a mild repulsion field. (EV +2) [mutagenic meat]
  7243 | D:7      | Gained mutation: Your spells are a little harder to cast, but a little more powerful. [mutagenic meat]
  7391 | D:7      | Found an ancient bone altar of Kikubaaqudgha.
  7631 | D:7      | Noticed Crazy Yiuf
  7636 | D:7      | Killed Crazy Yiuf
  7712 | D:8      | Lost mutation: You are agile. (Dex +2) [mutagenic meat]
  7856 | D:8      | Reached skill level 8 in Axes
  7867 | D:8      | Noticed a two-headed ogre
  7873 | D:8      | Killed a two-headed ogre
  7873 | D:8      | Reached **** piety under Beogh
  7918 | D:8      | Found an oddly glowing altar of Pakellas.
  8007 | D:8      | Found Tagistuphe's Book Emporium.
  8148 | D:8      | Found Geeg's Distillery.
  8440 | D:9      | Found a staircase to the Orcish Mines.
  8568 | D:9      | Noticed Amnesiac's ghost (novice DEEE)
  8573 | D:9      | Killed Amnesiac's ghost
  8573 | D:9      | Reached XP level 10. HP: 86/86 MP: 9/9
  8869 | D:9      | Reached skill level 9 in Axes
  8873 | D:9      | Reached skill level 5 in Dodging
  8958 | D:9      | Found a stormy altar of Qazlal.
  9095 | D:9      | Paralysed by fainting for 9 turns
  9129 | D:9      | Paralysed by fainting for 6 turns
  9537 | D:10     | Entered Level 10 of the Dungeon
  9537 | D:10     | Noticed Amnesiac's ghost (novice DEEE)
  9542 | D:10     | Gained Korbok as an ally
  9553 | D:10     | Killed Amnesiac's ghost
  9658 | D:10     | Noticed a hill giant
  9668 | D:10     | Killed a hill giant
  9945 | D:10     | Noticed a centaur warrior
  9964 | D:10     | Killed a centaur warrior
 10247 | D:10     | Found a staircase to the Lair.
 10323 | D:10     | Reached skill level 10 in Axes
 10329 | D:10     | Gained Ognian as an ally
 10519 | D:10     | Found Etuquufy's Distillery.
 10524 | D:10     | Noticed Grum
 10548 | D:10     | Killed Grum
 11474 | D:11     | Reached XP level 11. HP: 83/95 MP: 9/9
 11479 | D:11     | Your ally Ognian died
 11575 | D:11     | Noticed a skeletal warrior
 11575 | D:11     | Noticed a skeletal warrior
 11576 | D:11     | Noticed a skeletal warrior
 11608 | D:11     | Killed a skeletal warrior
 11616 | D:11     | Killed a skeletal warrior
 11617 | D:11     | Killed a skeletal warrior
 11888 | D:11     | Identified the Almanac of the Entrancing Compass
 12289 | D:11     | Noticed Josephine
 12297 | D:11     | Killed Josephine
 12650 | D:10     | Gained mutation: You have a pair of small horns on your head. [potion of mutation]
 12650 | D:10     | Gained mutation: Your magical capacity is very low. (-20% MP) [potion of mutation]
 12650 | D:10     | Gained mutation: Your natural rate of healing is unusually fast. [potion of mutation]
 12651 | D:10     | Gained mutation: You tend to lose your temper in combat. [potion of mutation]
 12652 | D:10     | Lost mutation: You have a pair of small horns on your head. [potion of mutation]
 12695 | D:10     | Upgraded the game from 0.19-a0-628-g9200b3b to 0.19-a0-644-gd04d753
 13032 | D:12     | Noticed a hill giant
 13040 | D:12     | Killed a hill giant
 13328 | D:12     | Gained Nordag as an ally
 13367 | D:12     | Reached ***** piety under Beogh
 13367 | D:12     | Reached skill level 11 in Axes
 13372 | D:12     | Gained Orkrul as an ally
 13478 | D:12     | Noticed a hill giant
 13485 | D:12     | Killed a hill giant
 13485 | D:12     | Reached skill level 10 in Shields
 13497 | D:12     | Gained Wargrak as an ally
 13642 | D:12     | Your ally Orkrul died
 13645 | D:12     | Gained Bolgrim as an ally
 14056 | D:12     | Noticed a hill giant
 14061 | D:12     | Killed a hill giant
 14061 | D:12     | Reached skill level 10 in Fighting
 14193 | D:13     | Reached XP level 12. HP: 77/106 MP: 9/9
 14482 | D:13     | Your ally Bolgrim died
 14502 | D:13     | Reached skill level 12 in Axes
 14749 | D:13     | Found a gate to the Vaults.
 14938 | D:13     | Gained mutation: Your magical capacity is extremely low. (-30% MP) [mutagenic meat]
 14941 | D:13     | Gained mutation: You are frail. (-10% HP) [mutagenic meat]
 14942 | D:13     | Gained mutation: You are covered in fur. (AC +1) [mutagenic meat]
 15315 | D:13     | Noticed Snorg
 15334 | D:13     | Your ally Wargrak died
 15337 | D:13     | Your ally Nordag died
 15347 | D:13     | Killed Snorg
 15623 | D:13     | Noticed a catoblepas
 15630 | D:13     | Killed a catoblepas
 16095 | D:10     | Reached skill level 10 in Armour
 16598 | D:11     | Got a smoking leather armour
 16632 | D:10     | Identified the +1 leather armour "Daunn" {rF++ MR++ Int+3} (You found it on level 11 of the Dungeon)
 16735 | Orc:1    | Entered Level 1 of the Orcish Mines
 16919 | Orc:1    | Noticed a soul eater
 16927 | Orc:1    | Your ally Korbok died
 16954 | Orc:1    | Gained Gorg as an ally
 17178 | Orc:1    | Found a shimmering altar of Xom.
 17184 | Orc:1    | Your ally Gorg died
 17193 | Orc:1    | Noticed a sun demon
 17193 | Orc:1    | Mangled by a sixfirhy

Vault maps used:
D:1:      tarquinn_simple_flora_water_d
D:2:      first_bread, uniq_iyjb
D:3:      lemuel_coloured_pillars_altar, nicolae_overflow_hidden_temple,
          grunt_gozag_statues, nicolae_ru_the_path_less_chosen
D:4:      old_standard_altar, xom_butterflies, temple_fountains
D:5:      nicolae_ossuary_entry_plus, basic_altar
D:6:      nemelex_xobeh_ov_fountains_minmay
D:7:      nicolae_overflow_crystal_walls, uniq_crazy_yiuf_cottage
D:8:      marbit_many_paths, serial_shops, nicolae_shop_behind_doors,
          nicolae_shop_stone
D:9:      old_standard_altar, orc_0_dummy, enter_bailey_3
D:10:     lair_0_dummy, serial_shops, nicolae_shop_stone, grunt_livestock,
          uniq_grum
D:11:     due_unseen_surprise, uniq_josephine
D:12:     abandoned_shop, kennysheep_big_empty_room
D:13:     erik_vaults_1, uniq_snorg
Orc:1:    basic_altar
Ossuary:  ossuary_tomb_3

Skill      XL: |  1  2  3  4  5  6  7  8  9 10 11 12 |
---------------+-------------------------------------+-----
Fighting       | 4 5 6 7 8 10 11 | 11.1
Axes           | 3 5 6 8 10 11 12 | 12.5
Shields        | 4 5 6 7 8 9 10 11 | 11.0
Armour         | 4 5 6 7 8 9 10 | 10.0
Dodging        | 1 2 3 4 5 6 7 |  7.2
Stealth        | 1 2 3 |  3.5

Action                   |  1- 3 |  4- 6 |  7- 9 | 10-12 || total
-------------------------+-------+-------+-------+-------++-------
Melee: War axe           |    95 |   222 |   466 |   525 ||  1308
Invok: Convert to Beogh  |     1 |       |       |       ||     1
       Recall Orcish Fol |       |       |       |     1 ||     1
       Smiting           |       |       |       |     2 ||     2
Evoke: Wand              |       |       |       |     1 ||     1
  Use: Potion            |       |     5 |    12 |    13 ||    30
       Scroll            |       |       |       |    11 ||    11
 Stab: Distracted        |       |       |       |     9 ||     9
  Eat: Bread ration      |     1 |     1 |     1 |     5 ||     8
       Pizza             |       |     1 |     1 |       ||     2
       Meat ration       |       |       |     2 |     2 ||     4
       Chunk             |       |       |     6 |     5 ||    11
Armor: Scale mail        |    66 |   117 |   171 |   133 ||   487
       Ring mail         |       |       |       |    14 ||    14
       Leather armour    |       |       |       |     3 ||     3
Dodge: Dodged            |    42 |    71 |   142 |   223 ||   478
Block: Shield            |    57 |   112 |   268 |   381 ||   818
